 Dungeon Crawl Stone Soup version 0.30-a0-218-gedb9141078 (webtiles) character file.

Game seed: 6274378260003116862

85 KennySheep the Trooper (level 4, -3/52 HPs)
             Began as an Ogre Warper on Oct 5, 2022.
             Was a Follower of Wu Jian.
             Slain by a gnoll
             ... wielding a +0 halberd
              (6 damage)
             ... on level 3 of the Dungeon.
             The game lasted 00:04:34 (2701 turns).

KennySheep the Trooper (Ogre Warper)                Turns: 2701, Time: 00:04:34

Health: -3/52      AC:  3    Str: 17    XL:     4   Next: 48%
Magic:  3/7        EV:  9    Int: 14    God:    Wu Jian [*.....]
Gold:   121        SH:  0    Dex:  8    Spells: 5/7 levels left

rFire   . . .      SeeInvis .    a - +0 mace
rCold   . . .      Faith    .    (no shield)
rNeg    . . .      Spirit   .    b - +0 robe
rPois   .          Reflect  .    (helmet restricted)
rElec   .          Harm     .    (no cloak)
rCorr   .          Rampage  .    (gloves unavailable)
Will    .....                    (boots unavailable)
Stlth   +.........               (no amulet)
HPRegen 0.28/turn                (no ring)
MPRegen 0.10/turn                (no ring)

@: on blink cooldown
A: large, unfitting armour, tough skin 1
a: Renounce Religion


You were on level 3 of the Dungeon.
You worshipped Wu Jian.
Wu Jian was aware of your devotion.
You visited 1 branch of the dungeon, and saw 3 of its levels.

You collected 121 gold pieces.

Inventory:

Hand Weapons
 a - a +0 mace (weapon)
Missiles
 d - 7 boomerangs of dispersal (quivered)
Armour
 b - a +0 robe (worn)
Scrolls
 c - a scroll of blinking
 f - 2 scrolls of vulnerability {unknown}
 h - a scroll of summoning {unknown}
 i - 6 scrolls of identify {unknown}
 k - a scroll of brand weapon {unknown}
 n - a scroll of fear {unknown}
 o - a scroll of teleportation {unknown}
Potions
 e - a potion of curing {unknown}
 g - a potion of heal wounds {unknown}
 j - a potion of lignification {unknown}
 l - a potion of ambrosia {unknown}
 m - a potion of haste {unknown}


   Skills:
 + Level 6.1 Fighting
 - Level 1.8 Maces & Flails
 - Level 1.0 Throwing
 - Level 2.1 Dodging
 - Level 2.4 Spellcasting
 - Level 2.6 Translocations


You had 5 spell levels left.
You knew the following spells:

 Your Spells              Type           Power      Damage    Failure   Level
a - Blink                 Tloc           18%        N/A       12%         2

Your spell library contained the following spells:

 Spells                   Type           Power      Damage    Failure   Level
 Lesser Beckoning         Tloc           18%        N/A       22%         3
 Teleport Other           Tloc           9%         N/A       22%         3
 Static Discharge         Conj/Air       2%         2-3/arc   34%         2
 Vhi's Electric Charge    Tloc/Air       10%        N/A       36%         3
 Manifold Assault         Tloc           9%         N/A       58%         4
 Arcjolt                  Conj/Air       0%         1d10      99%         5
 Lightning Bolt           Conj/Air       0%         1d11      99%         5


Dungeon Overview and Level Annotations

Branches:
Dungeon (3/15)

Altars:
Wu Jian

Shops:
D:1 (   D:2 [[[[[


Innate Abilities, Weirdness & Mutations

You are too large for most types of armour.
You have tough skin. (AC +1)


Message History

The orc attacks as you move away! The orc hits you with a +0 short sword.
The orc attacks as you move away! The orc barely misses you.
The orc attacks as you move away! The orc hits you with a +0 short sword.
Casting: Blink (safe; 12% risk of failure)
Confirm with . or Enter, or press ? or * to list all spells.
You blink.
The dart slug launches a dart at you. The slug dart hits you.
The gnoll closely misses you.
You spin and attack the hobgoblin.
You hit the hobgoblin.
The hobgoblin is almost dead.
The hobgoblin hits you but does no damage.
The gnoll hits you from afar with a +0 halberd.
The gnoll hits you from afar with a +0 halberd!
* * * LOW HITPOINT WARNING * * *
The dart slug launches a dart at you. The slug dart hits you.
* * * LOW HITPOINT WARNING * * *
You feel stable enough to blink again.
The gnoll hits you from afar with a +0 halberd.
* * * LOW HITPOINT WARNING * * *
The hobgoblin attacks as you move away! The hobgoblin completely misses you.
The dart slug launches a dart at you. The slug dart misses you.
The hobgoblin attacks as you move away! The hobgoblin barely misses you.
The orc attacks as you move away! The orc closely misses you.
The hobgoblin attacks as you move away!
The hobgoblin hits you but does no damage.
The hobgoblin attacks as you move away! The hobgoblin hits you.
* * * LOW HITPOINT WARNING * * *
A gnoll comes into view. It is wielding a +0 flail.
The gnoll shouts!
The hobgoblin attacks as you move away! The hobgoblin closely misses you.
The hobgoblin attacks as you move away! The hobgoblin closely misses you.
The gnoll attacks as you move away! The gnoll hits you with a +0 flail!
* * * LOW HITPOINT WARNING * * *
Casting: Blink (safe; 12% risk of failure)
Confirm with . or Enter, or press ? or * to list all spells.
You blink.
The gnoll hits you with a +0 halberd.
You die...

.. ......⌠~⌠⌠~~~.........
.........~.....P.........
#........~.###.~§#.......
#........~.#_#.~.#.......
.........⌠.#)#.g.g.......
.........P.#.#..go.......
.##......~.....Pw#.......
.# #..##.~..~⌠w~g#.......
.# ##..#........@###.##.#
##....###.#.### ... .
....##..###.....# ... ...
##.......[.# ...
#......#### ... #......#
##.....# #.....# #.....#


You could see 3 gnolls, 2 dart slugs, an orc and a hobgoblin.

Vanquished Creatures
  2 adders
  2 worms (D:2)
  2 dart slugs
  An orc (D:2)
  7 ball pythons
  6 endoplasms
  4 giant cockroaches
  5 goblins
  7 hobgoblins
  3 kobolds
  2 quokkas
  4 bats
  2 frilled lizards
  5 rats
52 creatures vanquished.

Vanquished Creatures (others)
  A fungus (D:3)
  A plant (D:3)
2 creatures vanquished.

Grand Total: 54 creatures vanquished

Notes
Turn   | Place    | Note
-------+----------+-------------------------------------------
     0 | D:1      | KennySheep the Ogre Warper began the quest for the Orb.
     0 | D:1      | Reached XP level 1. HP: 22/22 MP: 3/3
    53 | D:1      | Found Gaeng's Antique Weapon Emporium.
    92 | D:1      | Reached skill level 3 in Fighting
   215 | D:1      | Reached XP level 2. HP: 26/31 MP: 5/5
   225 | D:1      | Learned a level 2 spell: Blink
   441 | D:1      | Reached skill level 4 in Fighting
   881 | D:2      | Reached XP level 3. HP: 30/40 MP: 6/6
  1036 | D:2      | Found Nivoann's Armour Shoppe.
  1152 | D:2      | Found Qequdet's Armour Shoppe.
  1235 | D:2      | Found Woxaraum's Armour Shop.
  1287 | D:2      | Reached skill level 5 in Fighting
  1335 | D:2      | Found Fouteop's Antique Armour Boutique.
  1362 | D:2      | Found Uqiustrips's Armour Shop.
  2117 | D:2      | Reached XP level 4. HP: 50/50 MP: 7/7
  2595 | D:3      | Reached skill level 6 in Fighting
  2666 | D:3      | Found a faded altar of an unknown god.
  2670 | D:3      | Prayed at the altar of an unknown god.
  2670 | D:3      | Became a worshipper of the Wu Jian Council
  2670 | D:3      | Reached * piety under Wu Jian
  2700 | D:3      | HP: 2/52 [gnoll/+0 flail (7)]
  2701 | D:3      | Slain by a gnoll

Illustrated notes

Levels and vault maps discovered:
D:1:      lightli_arrival_statuegarden, layout_basic, serial_shops,
          shop_fountains
D:2:      layout_loops_ring, serial_shops, shop, shop,
          nicolae_shop_advertising_works [nicolae_subvault_shop_adworks], shop,
          shop_fountains, nrook_mini_backslash, minmay_crystal_room,
          roderic_serpentine_path, hangedman_decor_opposing,
          chequers_decorated_corner, minmay_fountain_box, minivault_24,
          nicolae_figureground_pulse
D:3:      layout_rooms, shapermc_ecumenical_altar_acropolis

Skill      XL: |  1  2  3  4 |
---------------+-------------+-----
Fighting       | 3 4 5 6 |  6.1
Maces & Flails | |  1.8
Throwing       | |  1.0
Dodging        | |  2.1
Spellcasting   | |  2.4
Translocations | |  2.6

Action                   |  1- 3 |  4- 6 || total
-------------------------+-------+-------++-------
Melee: Mace              |   131 |    42 ||   173
       Punch             |     1 |     1 ||     2
 Cast: Blink             |     1 |     3 ||     4
Invok: Whirlwind         |       |     1 ||     1
 Stab: Sleeping          |       |     1 ||     1
Armor: Robe              |    57 |    16 ||    73
Dodge: Dodged            |    89 |    28 ||   117

Table legend: (Time is in decaauts)
 A = Elapsed time spent in this place.
 B = Non-inter-level travel time spent in this place.
 C = Inter-level travel time spent in this place.
 D = Time resting spent in this place.
 E = Time spent auto-exploring this place.
 F = Levels seen in this place.
 G = Mean time per level.
                   A        B        C        D        E       F      G
               +--------+--------+--------+--------+--------+-----+--------+
         Total |   2754 |   2720 |     34 |    298 |   1973 |   3 |  918.0 |
       Dungeon |   2754 |   2720 |     34 |    298 |   1973 |   3 |  918.0 |
               +--------+--------+--------+--------+--------+-----+--------+

Top non-repeatable levels by time:
     D:2: 1351 daAuts
     D:1: 984 daAuts
     D:3: 418 daAuts
